AoeStats
← Herby

Golden Pit

509733356Analyzed
1v1 RM · 4d ago on Sep 27, 2026· 20m 49s· 2 players
Game mode
Random Map
Map size
Tiny (2 player)
Population
200
Speed
Normal
Resources
Standard
Victory
Conquest
Starting age
Dark Age
Ending age
Imperial Age
RankedLock teamsTeams togetherTeam positionsShared explorationLock speedFull tech treeHidden civsTurbo modeCheats
Victory
Defeat
🇹🇷 Turks · Türkiye
1265
+19
🇲🇽 Romans · Mexico
1321
-19
Herby
5:06 Loom
10:24 Feudal Age
15:34 Castle Age
maganda
5:55 Loom
8:51 Feudal Age
9:24 Double-Bit Axe
14:59 Scale Barding Armor
16:27 Forging
18:46 Wheelbarrow
22:15 Castle Age
Connection lost

Rejoining the realm…

Still unreachable

The connection could not be restored.

Session expired

The server has moved on; the page needs a fresh start.